[Event "ICC tourney 2355 (60 10)"]
[Site "Internet Chess Club"]
[Date "2021.01.30"]
[Round "2"]
[White "DVWANG"]
[Black "czw1"]
[Result "1-0"]
[ICCResult "Black checkmated"]
[WhiteElo "1044"]
[BlackElo "1360"]
[Opening "Sicilian: Kan, 5.Nc3"]
[ECO "B43"]
[NIC "SI.41"]
[Time "13:01:46"]
[PlyCount "139"]
[TimeControl "3600+10"]

1. e4 c5 2. Nf3 e6 3. d4 cxd4 4. Nxd4 a6 5. Nc3 Qc7 6. Bd3 Nf6 7. Bg5 Be7
8. O-O h6 9. Bxf6 Bxf6 10. Nde2 d6 11. f4 Bxc3 12. Nxc3 Qb6+ 13. Kh1 Qxb2
14. Na4 Qf6 15. Nb6 Qd8 16. Nxa8 b5 17. e5 d5 18. f5 Nc6 19. f6 gxf6 20.
exf6 Bb7 21. Qg4 Bxa8 22. Qg7 Rf8 23. Qxh6 Nb4 24. Rf4 d4 25. Rg4 Nxd3 26.
cxd3 Bd5 27. Qg7 Qc8 28. h3 a5 29. Rh4 Qc5 30. Rh8 Rxh8 31. Qxh8+ Qf8 32.
Qxf8+ Kxf8 33. a3 b4 34. axb4 Kg8 35. bxa5 Kh7 36. a6 Kg6 37. a7 Kxf6 38.
a8=Q Bxa8 39. Rxa8 e5 40. h4 Kf5 41. g3 f6 42. h5 Kg5 43. g4 e4 44. dxe4 d3
45. Rd8 f5 46. exf5 d2 47. f6 d1=Q+ 48. Rxd1 Kxf6 49. h6 Kg6 50. g5 Kh7 51.
Rd7+ Kh8 52. g6 Kg8 53. h7+ Kh8 54. g7+ Kxh7 55. g8=Q+ Kxg8 56. Kg2 Kf8 57.
Kg3 Ke8 58. Rh7 Kf8 59. Kg4 Kg8 60. Ra7 Kf8 61. Kf5 Ke8 62. Ke6 Kd8 63. Re7
Kc8 64. Rd7 Kb8 65. Kd6 Kc8 66. Kc6 Kb8 67. Rc7 Ka8 68. Kc5 Kb8 69. Kb6 Ka8
70. Rc8# { Black checkmated } 1-0

[Event "ICC tourney 2355 (60 10)"]
[Site "Internet Chess Club"]
[Date "2021.01.30"]
[Round "2"]
[White "srsmv"]
[Black "AriWinsU"]
[Result "0-1"]
[ICCResult "White checkmated"]
[WhiteElo "1230"]
[BlackElo "868"]
[Opening "Scandinavian defense"]
[ECO "B01"]
[NIC "SD.03"]
[Time "13:01:49"]
[PlyCount "146"]
[TimeControl "3600+10"]

1. e4 d5 2. exd5 Nf6 3. Nf3 Nxd5 4. Nc3 Nc6 5. Bb5 Nxc3 6. bxc3 Qd5 7. c4
Qe4+ 8. Qe2 Qxe2+ 9. Kxe2 a6 10. Ba4 Bd7 11. Rb1 b6 12. d4 Nxd4+ 13. Nxd4
Bxa4 14. Bf4 c5 15. Nf5 Bxc2 16. Nxg7+ Bxg7 17. Rxb6 O-O 18. Kd2 Be4 19. f3
Bf5 20. Rc6 Rfd8+ 21. Ke2 Bd3+ 22. Kf2 Bd4+ 23. Be3 Bxe3+ 24. Kxe3 Bxc4 25.
Rxc5 Bxa2 26. h4 Be6 27. h5 a5 28. Ra1 a4 29. Rc3 Ra7 30. h6 Rda8 31. Rca3
Bb3 32. g4 Kf8 33. Rh1 Rc7 34. Rh5 Rc3+ 35. Kf2 Rc2+ 36. Kg3 Ra2 37. Rxa2
Bxa2 38. Rh1 Be6 39. Kf2 a3 40. Ra1 a2 41. Ke3 Rb8 42. Kd2 Rb1 43. Rxa2
Bxa2 44. Ke3 Ke8 45. g5 Rb4 46. f4 Kd7 47. Kf3 Ke6 48. Kg4 f5+ 49. Kf3 Rb3+
50. Kg2 Kd5 51. Kf2 Ke4 52. g6 hxg6 53. Kg2 Kxf4 54. Kf2 Rb2+ 55. Kg1 Kg3
56. Kf1 Bc4+ 57. Ke1 Kf3 58. h7 Rh2 59. Kd1 Rxh7 60. Kc2 Rh3 61. Kc3 Bd5
62. Kd4 Be6 63. Ke5 Bd7 64. Kd5 Kf4 65. Kc5 Ke5 66. Kb6 Rc3 67. Ka5 Rb3 68.
Ka6 Kd5 69. Ka5 Kc5 70. Ka6 Bc8+ 71. Ka7 Kc6 72. Ka8 Kc7 73. Ka7 Ra3# {
White checkmated } 0-1

[Event "ICC tourney 2355 (60 10)"]
[Site "Internet Chess Club"]
[Date "2021.01.30"]
[Round "2"]
[White "Bananaville"]
[Black "siddharthbose"]
[Result "1/2-1/2"]
[ICCResult "Game drawn because neither player has mating material"]
[WhiteElo "809"]
[BlackElo "1232"]
[Opening "Sicilian defense"]
[ECO "B30"]
[NIC "SI.31"]
[Time "13:01:55"]
[PlyCount "220"]
[TimeControl "3600+10"]

1. e4 c5 2. Nf3 Nc6 3. c3 e6 4. d4 cxd4 5. cxd4 d5 6. e5 h6 7. Bb5 Ne7 8.
Nc3 g6 9. Bf4 Bg7 10. Qd2 a6 11. Ba4 b5 12. Bc2 Rb8 13. a3 O-O 14. Bxh6 Nf5
15. Bxf5 exf5 16. O-O Na5 17. Rab1 Nc4 18. Qf4 Qe8 19. Nxd5 Qe6 20. Nf6+
Bxf6 21. exf6 Nd6 22. Bxf8 Kxf8 23. Qh6+ Ke8 24. Qh8+ Kd7 25. Ne5+ Kc7 26.
Rbc1+ Kb7 27. Qd8 Ka8 28. Rfe1 Bb7 29. Qe7 Qd5 30. Nf3 Re8 31. Qc7 Rc8 32.
Qd7 Bc6 33. Qe7 Re8 34. Re5 Rxe7 35. Rxd5 Bxd5 36. fxe7 Bxf3 37. gxf3 Kb7
38. Re1 Ne8 39. Kg2 Kc7 40. Kg3 Kd7 41. Kh4 f6 42. Kg3 Nc7 43. Kf4 Nd5+ 44.
Kg3 Nxe7 45. Rh1 Kd6 46. h4 Ng8 47. h5 gxh5 48. Rxh5 Ne7 49. Kf4 Ke6 50.
Rh1 Kd5 51. Ke3 Ke6 52. Rh8 Nd5+ 53. Kd3 Ke7 54. Ra8 Nc7 55. Rh8 Ke6 56.
Rc8 Kd7 57. Rh8 Ke6 58. f4 Nd5 59. Re8+ Kd6 60. Rd8+ Ke6 61. Ra8 Nc7 62.
Rh8 Nd5 63. Rh4 Nc7 64. Ke3 Nd5+ 65. Kf3 a5 66. Rh1 a4 67. Re1+ Kd6 68. Rc1
Nc7 69. Rc5 Ne6 70. Rc8 Nxd4+ 71. Ke3 Ne6 72. Rc1 Nc7 73. Kd3 Nd5 74. Ke2
Nxf4+ 75. Kf3 Nd5 76. Rd1 Ke5 77. Rc1 Kd6 78. Kg3 Nc7 79. Kf4 Nd5+ 80. Kxf5
Ke7 81. Rc5 Nb6 82. Rxb5 Nc4 83. Rb4 Ne5 84. Rxa4 Nd3 85. Ra7+ Kd6 86. Kxf6
Nxf2 87. Rb7 Nd3 88. b4 Kc6 89. Rb8 Nb2 90. Ke5 Nc4+ 91. Kd4 Nxa3 92. Kc3
Kc7 93. Rh8 Nb5+ 94. Kc4 Nd6+ 95. Kc5 Nb7+ 96. Kb5 Nd6+ 97. Ka6 Kc6 98. b5+
Nxb5 99. Rh6+ Nd6 100. Ka5 Kd5 101. Rh5+ Ke6 102. Kb4 Nf5 103. Rh1 Ke5 104.
Re1+ Kf4 105. Kc3 Kg5 106. Rg1+ Kf4 107. Rf1+ Kg5 108. Kd3 Kg6 109. Ke4
Ng3+ 110. Ke3 Nxf1+ { Game drawn because neither player has mating material
} 1/2-1/2

[Event "ICC tourney 2355 (60 10)"]
[Site "Internet Chess Club"]
[Date "2021.01.30"]
[Round "3"]
[White "andrewj508"]
[Black "LH2013"]
[Result "1-0"]
[ICCResult "Black resigns"]
[WhiteElo "1256"]
[BlackElo "735"]
[Opening "Giuoco Piano: Aitken variation"]
[ECO "C54"]
[NIC "IG.02"]
[Time "16:00:21"]
[PlyCount "39"]
[TimeControl "3600+10"]

1. e4 e5 2. Nf3 Nc6 3. Bc4 Bc5 4. c3 Nf6 5. d4 exd4 6. cxd4 Bb4+ 7. Nc3
Nxe4 8. O-O Nxc3 9. bxc3 Bxc3 10. Ba3 Bxa1 11. Re1+ Ne7 12. Bxe7 Qxe7 13.
Rxe7+ Kxe7 14. Qxa1 d6 15. Qe1+ Kf6 16. g4 Bxg4 17. Qe4 Bxf3 18. Qxf3+ Ke7
19. Qxf7+ Kd8 20. Be6 { Black resigns } 1-0

[Event "ICC tourney 2355 (60 10)"]
[Site "Internet Chess Club"]
[Date "2021.01.30"]
[Round "3"]
[White "Criminaltacos"]
[Black "Leochess2020"]
[Result "0-1"]
[ICCResult "White checkmated"]
[WhiteElo "1208"]
[BlackElo "894"]
[Opening "King's Indian: 5.Nf3"]
[ECO "E90"]
[NIC "KI.20"]
[Time "16:00:26"]
[PlyCount "50"]
[TimeControl "3600+10"]

1. d4 Nf6 2. c4 g6 3. Nc3 Bg7 4. e4 d6 5. Nf3 O-O 6. h3 e5 7. d5 Nbd7 8.
Bd3 Nc5 9. b4 Nxd3+ 10. Qxd3 b6 11. b5 Bb7 12. a4 a5 13. Bg5 h6 14. Be3 Qd7
15. Qd2 Rfd8 16. Bxh6 Re8 17. Bxg7 Kxg7 18. O-O Rh8 19. Kh2 Rh6 20. Ne2
Rah8 21. Ng3 Nxe4 22. Qe3 Nxg3 23. fxg3 Rxh3+ 24. gxh3 Qxh3+ 25. Kg1 Qxg3#
{ White checkmated } 0-1

[Event "ICC tourney 2355 (60 10)"]
[Site "Internet Chess Club"]
[Date "2021.01.30"]
[Round "3"]
[White "liuo30"]
[Black "bananaplaychess"]
[Result "0-1"]
[ICCResult "White resigns"]
[WhiteElo "831"]
[BlackElo "610"]
[Opening "Caro-Kann: advance variation"]
[ECO "B12"]
[NIC "CK.04"]
[Time "16:00:53"]
[PlyCount "64"]
[TimeControl "3600+10"]

1. e4 c6 2. d4 d5 3. e5 Bf5 4. Nf3 e6 5. Nh4 Be4 6. f3 Qxh4+ 7. g3 Qd8 8.
fxe4 dxe4 9. Qg4 Bb4+ 10. c3 Ba5 11. b4 Bb6 12. Qxe4 Ne7 13. Bg5 O-O 14. h4
h6 15. Bd3 g6 16. Bxh6 Re8 17. Bg5 Nd7 18. Qg4 a5 19. Bf6 Nxf6 20. exf6 Nd5
21. Rf1 e5 22. Qg5 exd4+ 23. Be2 Re6 24. h5 Rxf6 25. Rxf6 Qxf6 26. Qxf6
Nxf6 27. Na3 axb4 28. Nc2 bxc3 29. Rb1 Bc7 30. Rxb7 Ba5 31. Nxd4 Rd8 32.
Nxc6 c2+ { White resigns } 0-1

[Event "ICC tourney 2355 (60 10)"]
[Site "Internet Chess Club"]
[Date "2021.01.30"]
[Round "3"]
[White "DaltonTiger"]
[Black "santiagorondeau"]
[Result "0-1"]
[ICCResult "White checkmated"]
[WhiteElo "113"]
[BlackElo "1069"]
[Opening "Four knights: Ranken variation"]
[ECO "C48"]
[NIC "KP.03"]
[Time "16:00:59"]
[PlyCount "74"]
[TimeControl "3600+10"]

1. e4 e5 2. Nf3 Nc6 3. Nc3 Nf6 4. Bb5 a6 5. Bxc6 dxc6 6. Nxe5 Bb4 7. O-O
O-O 8. a3 Bxc3 9. dxc3 Nxe4 10. Be3 Be6 11. f3 Nf6 12. f4 Nd5 13. Re1 f6
14. Nf3 Re8 15. Nd4 Bf7 16. f5 Nxe3 17. Qe2 Nxf5 18. Qg4 Rxe1+ 19. Rxe1
Nxd4 20. Qxd4 Qxd4+ 21. cxd4 Rd8 22. Re7 Rxd4 23. Rxc7 Rd1+ 24. Kf2 Rd2+
25. Ke3 Rxc2 26. Rc8+ Be8 27. Rxe8+ Kf7 28. Rc8 Rxb2 29. Rc7+ Kg6 30. Kf4
Rxg2 31. Kf3 Rxh2 32. Rxb7 Rh3+ 33. Kg4 Rxa3 34. Rc7 Rc3 35. Ra7 h5+ 36.
Kh4 Kh6 37. Rxa6 g5# { White checkmated } 0-1

[Event "ICC tourney 2355 (60 10)"]
[Site "Internet Chess Club"]
[Date "2021.01.30"]
[Round "3"]
[White "Hillel-2012"]
[Black "ridikulous"]
[Result "0-1"]
[ICCResult "White checkmated"]
[WhiteElo "110"]
[BlackElo "1046"]
[Opening "Queen's gambit declined"]
[ECO "D30"]
[NIC "QP.08"]
[Time "16:00:12"]
[PlyCount "46"]
[TimeControl "3600+10"]

1. d4 d5 2. c4 e6 3. cxd5 Qxd5 4. Nc3 Bb4 5. Qa4+ Nc6 6. Bd2 Qxd4 7. e3 Qd6
8. Bb5 Bd7 9. Bxc6 Bxc6 10. Qb3 Bxg2 11. Ne4 Bxd2+ 12. Nxd2 Bxh1 13. f3 Qc6
14. Kd1 O-O-O 15. Rc1 Bxf3+ 16. Nxf3 Qxf3+ 17. Ke1 Qd5 18. Qc3 c6 19. Qxg7
Qxd2+ 20. Kf1 Qxc1+ 21. Kf2 Rd2+ 22. Kf3 Qf1+ 23. Ke4 Qf5# { White
checkmated } 0-1

[Event "ICC tourney 2355 (60 10)"]
[Site "Internet Chess Club"]
[Date "2021.01.30"]
[Round "3"]
[White "SKH2011"]
[Black "megaespeon"]
[Result "1-0"]
[ICCResult "Black checkmated"]
[WhiteElo "777"]
[BlackElo "563"]
[Opening "Caro-Kann: exchange variation"]
[ECO "B13"]
[NIC "CK.02"]
[Time "16:00:12"]
[PlyCount "93"]
[TimeControl "3600+10"]

1. e4 c6 2. d4 d5 3. exd5 cxd5 4. Bd3 Nf6 5. c3 Nc6 6. Nf3 e6 7. Bg5 Bd6 8.
Nbd2 O-O 9. O-O Re8 10. Re1 e5 11. dxe5 Nxe5 12. Nxe5 Rxe5 13. Rxe5 Bxe5
14. Nf3 Bc7 15. Qc2 Qd6 16. Bxf6 Qxf6 17. Bxh7+ Kh8 18. Bd3 Qf4 19. c4 dxc4
20. Qxc4 Be6 21. Qxf4 Bxf4 22. Nd4 Bd5 23. Ne2 Be5 24. Nc3 Bc6 25. Re1 Re8
26. Kf1 Bxh2 27. g3 Bd7 28. Rxe8+ Bxe8 29. Kg2 Bxg3 30. Kxg3 Bd7 31. Nb5 a6
32. Nd6 b5 33. Nxf7+ Kg8 34. Ne5 Be8 35. Be4 a5 36. Bc6 Bxc6 37. Nxc6 a4
38. b3 b4 39. bxa4 b3 40. axb3 Kh7 41. a5 Kg6 42. a6 Kf7 43. a7 Kg8 44.
a8=Q+ Kh7 45. Ne7 Kh6 46. Qa6+ g6 47. Qxg6# { Black checkmated } 1-0

[Event "ICC tourney 2355 (60 10)"]
[Site "Internet Chess Club"]
[Date "2021.01.30"]
[Round "3"]
[White "lvasilyev"]
[Black "kevinxps10"]
[Result "0-1"]
[ICCResult "White checkmated"]
[WhiteElo "106"]
[BlackElo "995"]
[Opening "Four knights: Italian variation"]
[ECO "C55"]
[NIC "IG.01"]
[Time "16:00:15"]
[PlyCount "52"]
[TimeControl "3600+10"]

1. e4 e5 2. Nf3 Nc6 3. Bc4 Nf6 4. Nc3 Nxe4 5. Nxe4 d5 6. Bb5 dxe4 7. Nxe5
Bd7 8. Bxc6 Bxc6 9. Nxc6 bxc6 10. Qe2 Qd5 11. c4 Qe6 12. O-O Bd6 13. d4
exd3 14. Qxd3 Rd8 15. Qb3 Qe5 16. f4 Qf6 17. f5 Qe5 18. Bf4 Qd4+ 19. Be3
Qh4 20. h3 Qg3 21. Bg5 Qxg5 22. g4 Bc5+ 23. Kg2 Qd2+ 24. Kg3 Rd3+ 25. Rf3
Rxb3 26. Rxb3 Qf2# { White checkmated } 0-1

[Event "ICC tourney 2355 (60 10)"]
[Site "Internet Chess Club"]
[Date "2021.01.30"]
[Round "3"]
[White "AidanMc2013"]
[Black "AntonCM"]
[Result "0-1"]
[ICCResult "White resigns"]
[WhiteElo "464"]
[BlackElo "1002"]
[Opening "Owen defense"]
[ECO "B00"]
[NIC "VO.01"]
[Time "16:01:03"]
[PlyCount "74"]
[TimeControl "3600+10"]

1. e4 b6 2. d4 Bb7 3. Nc3 Nf6 4. Bd3 e6 5. Nf3 Bb4 6. e5 Nd5 7. Bd2 Bxc3 8.
bxc3 O-O 9. O-O Nc6 10. c4 Nde7 11. d5 exd5 12. cxd5 Nxd5 13. Be4 Nde7 14.
Ng5 h6 15. Bh7+ Kh8 16. Qh5 Qe8 17. Rae1 f6 18. Qxe8 Raxe8 19. exf6 gxf6
20. Bc3 hxg5 21. Be4 Ba6 22. Bxc6 Nxc6 23. Rxe8 Rxe8 24. Rd1 d6 25. h3 Kg7
26. Re1 Rxe1+ 27. Bxe1 Nd4 28. Bc3 c5 29. Bxd4 cxd4 30. f3 Kg6 31. Kf2 Kf5
32. g4+ Kf4 33. Kg2 Ke3 34. Kg3 Bf1 35. Kh2 Kxf3 36. a4 a5 37. c4 dxc3 {
White resigns } 0-1

[Event "ICC tourney 2355 (60 10)"]
[Site "Internet Chess Club"]
[Date "2021.01.30"]
[Round "3"]
[White "rubblepup"]
[Black "C31chessP"]
[Result "1-0"]
[ICCResult "Black checkmated"]
[WhiteElo "1288"]
[BlackElo "955"]
[Opening "Caro-Kann: Panov-Botvinnik attack"]
[ECO "B13"]
[NIC "CK.03"]
[Time "16:00:28"]
[PlyCount "73"]
[TimeControl "3600+10"]

1. e4 c6 2. d4 d5 3. exd5 cxd5 4. c4 Nf6 5. Nc3 Bf5 6. Nf3 e6 7. Bd3 Bxd3
8. Qxd3 Be7 9. O-O O-O 10. Bf4 Nc6 11. cxd5 exd5 12. Rfe1 Bd6 13. Bg5 h6
14. Bxf6 Qxf6 15. Nxd5 Qg6 16. Qxg6 fxg6 17. Rad1 Rad8 18. Nc3 Bb4 19. a3
Ba5 20. Re6 Bb6 21. d5 Na5 22. Rxg6 Nc4 23. Na4 Rd7 24. Nxb6 axb6 25. b3
Nxa3 26. Rxb6 Rfd8 27. h3 Rxd5 28. Rxd5 Rd6 29. Rbxd6 Kh7 30. Rb6 Nc2 31.
Rxb7 Na1 32. b4 Nb3 33. b5 Na5 34. Ra7 Nc4 35. Rdd7 Kg6 36. Rxg7+ Kh5 37.
g4# { Black checkmated } 1-0

[Event "ICC tourney 2355 (60 10)"]
[Site "Internet Chess Club"]
[Date "2021.01.30"]
[Round "3"]
[White "NYCchesskid"]
[Black "joshuakps77"]
[Result "0-1"]
[ICCResult "White checkmated"]
[WhiteElo "591"]
[BlackElo "1099"]
[Opening "Four knights: Rubinstein counter-gambit, exchange variation"]
[ECO "C48"]
[NIC "KP.03"]
[Time "16:01:03"]
[PlyCount "46"]
[TimeControl "3600+10"]

1. e4 e5 2. Nf3 Nc6 3. Nc3 Nf6 4. Bb5 Nd4 5. Nxd4 exd4 6. Ne2 Nxe4 7. O-O
Bc5 8. d3 Nd6 9. Bc4 O-O 10. Bf4 Nxc4 11. dxc4 d6 12. Nxd4 Qf6 13. c3 Qxf4
14. b4 Bxd4 15. cxd4 Bg4 16. Qd3 Qf5 17. Qg3 Rae8 18. Rac1 Re6 19. c5 Rg6
20. Qe3 Bf3 21. g3 Rf6 22. cxd6 Qh3 23. dxc7 Qg2# { White checkmated } 0-1

[Event "ICC tourney 2355 (60 10)"]
[Site "Internet Chess Club"]
[Date "2021.01.30"]
[Round "3"]
[White "avs12"]
[Black "ArtMan2030"]
[Result "1-0"]
[ICCResult "Black checkmated"]
[WhiteElo "839"]
[BlackElo "1168"]
[Opening "Caro-Kann: exchange variation"]
[ECO "B13"]
[NIC "CK.02"]
[Time "16:00:23"]
[PlyCount "73"]
[TimeControl "3600+10"]

1. e4 c6 2. d4 d5 3. exd5 cxd5 4. Nf3 Nf6 5. Bd3 Nc6 6. Be3 Bg4 7. O-O e6
8. Nc3 a6 9. h3 Bh5 10. Bg5 Bd6 11. Re1 Nxd4 12. Nxd5 Nxf3+ 13. gxf3 Bh2+
14. Kxh2 Qxd5 15. Bxf6 gxf6 16. Be4 Qg5 17. Bxb7 Rg8 18. Bc6+ Kf8 19. Qd6+
Kg7 20. Rg1 Rad8 21. Rxg5+ fxg5 22. Qe5+ Kh6 23. Qf6+ Bg6 24. Rg1 Rc8 25.
Qxg5+ Kg7 26. Be4 f5 27. Bd3 Rgf8 28. Qe7+ Kh8 29. h4 Rce8 30. Qd6 a5 31.
h5 Rd8 32. Qe5+ Kg8 33. hxg6 h6 34. Qxe6+ Kg7 35. Qe7+ Rf7 36. Qxf7+ Kh8
37. Qh7# { Black checkmated } 1-0

[Event "ICC tourney 2355 (60 10)"]
[Site "Internet Chess Club"]
[Date "2021.01.30"]
[Round "3"]
[White "ChampChamp21"]
[Black "OliverLam"]
[Result "1-0"]
[ICCResult "Black checkmated"]
[WhiteElo "1078"]
[BlackElo "317"]
[Opening "Giuoco Piano: Greco's attack"]
[ECO "C54"]
[NIC "IG.02"]
[Time "16:00:27"]
[PlyCount "59"]
[TimeControl "3600+10"]

1. e4 e5 2. Nf3 Nc6 3. Bc4 Bc5 4. c3 Nf6 5. d4 exd4 6. cxd4 Bb4+ 7. Nc3
Bxc3+ 8. bxc3 O-O 9. O-O d5 10. exd5 Nxd5 11. Ba3 Re8 12. Qb3 Be6 13. Bxd5
Bxd5 14. Qxb7 Rb8 15. Qa6 Rb6 16. Qd3 Bxf3 17. Qxf3 Qf6 18. Rfe1 Rxe1+ 19.
Rxe1 h6 20. Qd3 g6 21. d5 Ne5 22. Qd4 Nd7 23. Qxf6 Nxf6 24. Rd1 Nxd5 25. f3
Nxc3 26. Rd2 Rb1+ 27. Kf2 Nb5 28. Bb2 Rh1 29. Rd8+ Kh7 30. Rh8# { Black
checkmated } 1-0

[Event "ICC tourney 2355 (60 10)"]
[Site "Internet Chess Club"]
[Date "2021.01.30"]
[Round "3"]
[White "warrenl"]
[Black "Lkonzelmann"]
[Result "0-1"]
[ICCResult "White checkmated"]
[WhiteElo "1199"]
[BlackElo "386"]
[Opening "King's gambit"]
[ECO "C30"]
[NIC "KG.05"]
[Time "16:01:03"]
[PlyCount "104"]
[TimeControl "3600+10"]

1. e4 e5 2. f4 d6 3. Nf3 Nc6 4. Bb5 exf4 5. d4 Bd7 6. Bxc6 bxc6 7. Bxf4 h6
8. Nc3 Be7 9. O-O Nf6 10. e5 dxe5 11. dxe5 Nh5 12. Be3 Bg4 13. h3 Qxd1 14.
Raxd1 Bxf3 15. Rxf3 g6 16. Rdf1 O-O 17. Bxh6 Ng7 18. Ne4 f5 19. exf6 Bxf6
20. Nxf6+ Kh8 21. Ne4 Rxf3 22. Rxf3 Nf5 23. Rc3 Nxh6 24. Rxc6 Rb8 25. Rxg6
Kh7 26. Re6 Rxb2 27. Re7+ Kg6 28. Rxc7 Rxa2 29. Nc3 Rxc2 30. Rc6+ Kg7 31.
g4 Nf7 32. Kf1 Ne5 33. Rc7+ Nf7 34. Ke1 Rh2 35. Ne4 Kg6 36. Nf2 Ng5 37. Rc3
a5 38. Ke2 Ne4 39. Rf3 Rxf2+ 40. Rxf2 Nxf2 41. Kxf2 a4 42. Ke3 a3 43. Kf4
a2 44. h4 a1=Q 45. h5+ Kh7 46. Kg5 Qe5+ 47. Kh4 Kh6 48. Kh3 Kg5 49. Kg2
Kxg4 50. Kf1 Kf3 51. Kg1 Qg3+ 52. Kh1 Qg2# { White checkmated } 0-1

[Event "ICC tourney 2355 (60 10)"]
[Site "Internet Chess Club"]
[Date "2021.01.30"]
[Round "3"]
[White "Bananaville"]
[Black "LeoNYC"]
[Result "1-0"]
[ICCResult "Black checkmated"]
[WhiteElo "809"]
[BlackElo "1145"]
[Opening "Owen defense"]
[ECO "B00"]
[NIC "VO.01"]
[Time "16:00:44"]
[PlyCount "79"]
[TimeControl "3600+10"]

1. e4 b6 2. Nf3 Bb7 3. Nc3 e6 4. Bc4 Bb4 5. d3 d5 6. exd5 exd5 7. Bb3 d4 8.
Bg5 f6 9. Bd2 dxc3 10. Bxc3 Bxc3+ 11. bxc3 Qe7+ 12. Kd2 Nd7 13. Re1 Ne5 14.
Nxe5 fxe5 15. f4 e4 16. Qh5+ g6 17. Qb5+ c6 18. Qc4 Nf6 19. dxe4 c5 20. e5
Ne4+ 21. Kc1 Rd8 22. Kb2 Bd5 23. Qb5+ Qd7 24. Qxd7+ Rxd7 25. Bxd5 Nxc3 26.
Bc6 Ke7 27. Bxd7 Nd5 28. Rad1 Nxf4 29. Bc6 Nxg2 30. Bxg2 a5 31. e6 c4 32.
Rd7+ Ke8 33. Bh3 Rf8 34. e7 Rf5 35. Bxf5 gxf5 36. Rd8+ Kf7 37. e8=Q+ Kf6
38. Qe6+ Kg5 39. Rg8+ Kf4 40. Qe3# { Black checkmated } 1-0

[Event "ICC tourney 2355 (60 10)"]
[Site "Internet Chess Club"]
[Date "2021.01.30"]
[Round "3"]
[White "DavidNest"]
[Black "KenjiG"]
[Result "1-0"]
[ICCResult "Black checkmated"]
[WhiteElo "1229"]
[BlackElo "952"]
[Opening "KGD: classical variation"]
[ECO "C30"]
[NIC "KG.05"]
[Time "16:00:25"]
[PlyCount "107"]
[TimeControl "3600+10"]

1. e4 e5 2. f4 Bc5 3. Nf3 d6 4. Be2 Nc6 5. Nc3 Nf6 6. Bb5 O-O 7. h3 a6 8.
Bxc6 bxc6 9. d4 exd4 10. Nxd4 Bd7 11. Nf3 Re8 12. e5 Rb8 13. Ne2 Ne4 14.
Ned4 Bxd4 15. Qxd4 Ng3 16. Rg1 Nf5 17. Qd2 Nh4 18. Kf1 Nxf3 19. gxf3 Bxh3+
20. Kf2 dxe5 21. fxe5 Qxd2+ 22. Bxd2 Rxe5 23. Bc3 Ree8 24. Rxg7+ Kf8 25.
Rxh7 Bf5 26. Rh8+ Ke7 27. Re1+ Be6 28. Rxe8+ Kxe8 29. a3 Kf8 30. Rg1 Bf5
31. Bb4+ Ke8 32. Rg8+ Kd7 33. Rxb8 Bxc2 34. Ke3 Ke6 35. Ra8 Ba4 36. Rxa6
Bb5 37. Ra8 Kd5 38. Ra7 c5 39. Bxc5 Kxc5 40. Rxc7+ Kb6 41. Rxf7 Ka5 42. Rf5
Ka4 43. Rxb5 Kxb5 44. f4 Ka4 45. f5 Kb3 46. f6 Kxb2 47. a4 Kb3 48. a5 Kc3
49. f7 Kb4 50. f8=Q+ Kxa5 51. Qb8 Ka4 52. Kd4 Ka5 53. Kc5 Ka4 54. Qb4# {
Black checkmated } 1-0

[Event "ICC tourney 2355 (60 10)"]
[Site "Internet Chess Club"]
[Date "2021.01.30"]
[Round "3"]
[White "EricCheng-131"]
[Black "liznemiroff"]
[Result "1-0"]
[ICCResult "Black checkmated"]
[WhiteElo "1373"]
[BlackElo "969"]
[Opening "Sicilian: Hungarian variation"]
[ECO "B34"]
[NIC "SI.43"]
[Time "16:00:21"]
[PlyCount "71"]
[TimeControl "3600+10"]

1. e4 c5 2. Nf3 g6 3. d4 cxd4 4. Nxd4 Bg7 5. Nc3 Nc6 6. Nf3 Nf6 7. Bc4 O-O
8. O-O d6 9. h3 Bd7 10. Re1 a6 11. Bg5 b5 12. Bb3 Na5 13. Nd5 Nxd5 14. Bxd5
Rc8 15. c3 Nc4 16. Bxc4 Rxc4 17. Rc1 Bc6 18. Nd4 Bb7 19. Qd2 Qb6 20. Bxe7
Re8 21. Bg5 Bxd4 22. cxd4 Rxd4 23. Qf4 Rdxe4 24. Rxe4 Rxe4 25. Qf6 Re6 26.
Qc3 Re2 27. Be3 Qd8 28. Bh6 Re5 29. f4 Qb6+ 30. Kh2 Qd8 31. fxe5 d5 32. Qc7
Qa8 33. e6 Qe8 34. exf7+ Qxf7 35. Qd8+ Qf8 36. Qxf8# { Black checkmated }
1-0

[Event "ICC tourney 2355 (60 10)"]
[Site "Internet Chess Club"]
[Date "2021.01.30"]
[Round "3"]
[White "Finemerryjuice"]
[Black "CaptainAL13"]
[Result "0-1"]
[ICCResult "White checkmated"]
[WhiteElo "1186"]
[BlackElo "834"]
[Opening "Queen's pawn, Mason variation"]
[ECO "D00"]
[NIC "QP.08"]
[Time "16:00:13"]
[PlyCount "86"]
[TimeControl "3600+10"]

1. d4 d5 2. Bf4 Bf5 3. c4 c6 4. Nc3 Nf6 5. Qb3 Qb6 6. c5 Qxb3 7. axb3 Na6
8. Ra4 e6 9. e3 Ne4 10. Bxa6 bxa6 11. Rxa6 Nxc3 12. bxc3 Kd7 13. Nf3 f6 14.
c4 dxc4 15. bxc4 Be7 16. O-O g5 17. Bg3 h5 18. h3 g4 19. Nh4 Bd3 20. Rfa1
Bxc4 21. Rxa7+ Rxa7 22. Rxa7+ Ke8 23. Ra8+ Bd8 24. Bc7 Kd7 25. Bb6 Re8 26.
Ra7+ Kc8 27. Ng6 gxh3 28. gxh3 Rg8 29. Ra8+ Kb7 30. Rxd8 Rxg6+ 31. Kh2 Bd5
32. h4 Rg2+ 33. Kh3 Rxf2 34. Rd7+ Ka6 35. Ra7+ Kb5 36. Rb7 Kc4 37. Rg7 Kd3
38. Rg3 Rf1 39. Rg6 Rh1+ 40. Kg3 Rg1+ 41. Kf4 Rxg6 42. e4 Bxe4 43. Ba5 Rg4#
{ White checkmated } 0-1

[Event "ICC tourney 2355 (60 10)"]
[Site "Internet Chess Club"]
[Date "2021.01.30"]
[Round "3"]
[White "AriWinsU"]
[Black "mrforkydude"]
[Result "0-1"]
[ICCResult "White checkmated"]
[WhiteElo "868"]
[BlackElo "1224"]
[Opening "Queen's pawn, Mason variation, Steinitz counter-gambit"]
[ECO "D00"]
[NIC "QP.08"]
[Time "16:00:18"]
[PlyCount "116"]
[TimeControl "3600+10"]

1. d4 d5 2. Bf4 c5 3. Nc3 Nc6 4. Nb5 Qa5+ 5. Nc3 cxd4 6. Bd2 dxc3 7. Bxc3
Qc7 8. Nf3 e6 9. e3 a6 10. Bd3 Bb4 11. Bxb4 Nxb4 12. Ng5 Nxd3+ 13. Qxd3 h6
14. Nf3 Nf6 15. O-O Bd7 16. Rac1 Bb5 17. c4 Bxc4 18. Qc3 Qe7 19. Rfd1 O-O
20. b3 Bb5 21. a4 Bd7 22. Qc7 b5 23. Ne5 Rfc8 24. Qb7 Qd6 25. Nxd7 Qxd7 26.
Qxd7 Nxd7 27. axb5 axb5 28. Rxc8+ Rxc8 29. e4 Nc5 30. Rc1 Rc7 31. exd5 exd5
32. Rd1 Nxb3 33. f3 Rc1 34. Rxc1 Nxc1 35. Kf2 b4 36. Ke3 b3 37. Kd2 b2 38.
Kc2 Ne2 39. Kxb2 Kh7 40. Kc2 Kg6 41. Kd3 Nf4+ 42. Ke3 Nxg2+ 43. Kd4 Kf5 44.
Kxd5 Kf4 45. Kd6 f5 46. Ke6 g5 47. Kf6 h5 48. Kg6 h4 49. Kh5 Ne1 50. Kg6
Nxf3 51. h3 g4 52. hxg4 fxg4 53. Kh5 g3 54. Kg6 g2 55. Kh5 g1=Q 56. Kh6 Ne5
57. Kh7 Qg6+ 58. Kh8 Nf7# { White checkmated } 0-1

[Event "ICC tourney 2355 (60 10)"]
[Site "Internet Chess Club"]
[Date "2021.01.30"]
[Round "3"]
[White "julians2012"]
[Black "TajMateo"]
[Result "1-0"]
[ICCResult "Black checkmated"]
[WhiteElo "750"]
[BlackElo "1161"]
[Opening "Sicilian: Hungarian variation"]
[ECO "B27"]
[NIC "SI.43"]
[Time "16:01:03"]
[PlyCount "123"]
[TimeControl "3600+10"]

1. e4 c5 2. Nf3 g6 3. d4 e6 4. b3 Nc6 5. Bb2 cxd4 6. Nxd4 Nxd4 7. Qxd4 f6
8. e5 Bg7 9. f4 f5 10. Bd3 d6 11. O-O dxe5 12. Qxd8+ Kxd8 13. fxe5 Ne7 14.
Nd2 Nc6 15. Rae1 Kc7 16. Nc4 Rd8 17. Nd6 Bf8 18. Ba3 Bxd6 19. Bxd6+ Kb6 20.
b4 a5 21. Bc5+ Kc7 22. bxa5 Rxa5 23. Bd6+ Kb6 24. Rb1+ Ka7 25. Bc7 Rxa2 26.
Bxd8 Nxd8 27. Rfd1 Nc6 28. Re1 Kb8 29. c3 Ra5 30. Bb5 Na7 31. Be8 Rc5 32.
Rb3 Nc6 33. Bxc6 Rxc6 34. Reb1 Rc5 35. Rb5 Rxc3 36. Rd1 Rc7 37. Rd8 Rc1+
38. Kf2 Rc2+ 39. Kg3 Rc3+ 40. Kh4 Rc4+ 41. Kg5 Rc2 42. Kf6 Rxg2 43. Rc5 f4
44. Rdxc8+ Ka7 45. Kxe6 f3 46. Rf8 Rf2 47. Kf6 Rxh2 48. Kg7 f2 49. e6 g5
50. e7 f1=Q 51. Rxf1 Re2 52. Rf7 g4 53. Kf6 g3 54. Rg7 Rf2+ 55. Ke6 h5 56.
e8=Q Re2+ 57. Re5 Rxe5+ 58. Kxe5 g2 59. Qe7 Ka6 60. Qxb7+ Ka5 61. Rxg2 h4
62. Ra2# { Black checkmated } 1-0